 Dungeon Crawl Stone Soup version 0.31-a0-1424-g2add1c7226 (webtiles) character file.

Game seed: 3957948780400074479

221 Ofeo the Changeling (level 5, -2/54 HPs)
             Began as an Oni Shapeshifter on Dec 26, 2023.
             Slain by a gnoll bouda
             ... wielding a +0 club
              (4 damage)
             ... on level 4 of the Dungeon.
             The game lasted 00:02:26 (3292 turns).

Ofeo the Changeling (Oni Shapeshifter)              Turns: 3292, Time: 00:02:26

Health: -2/54      AC:  4    Str: 18    XL:     5   Next: 98%
Magic:  5/5        EV: 10    Int: 11    God:
Gold:   248        SH:  0    Dex: 10    Spells: 4/4 levels left

rFire   . . .        g - +1 short sword (venom)
rCold   . . .        (no shield)
rNeg    . . .        a - +1 animal skin
rPois   .            (helmet currently unavailable)
rElec   .            (cloak currently unavailable)
rCorr   .            (gloves unavailable)
SInv    .            (boots unavailable)
Will    .....        (no amulet)
Stlth   +            (no ring)
HPRegen 0.29/turn    (no ring)
MPRegen 0.09/turn

%: no passive effects
@: beast-form
A: beast (slay +2), large, unfitting armour, horns 1, tough skin 1, double
potion healing, drunken brawling
a: Begin Untransformation


You were on level 4 of the Dungeon.
You were a hulking beast.
You visited 1 branch of the dungeon, and saw 4 of its levels.

You collected 248 gold pieces.

Inventory:

Hand Weapons
 g - a +1 short sword of venom (weapon)
Armour
 a - a +1 animal skin (worn)
Jewellery
 i - an amulet of faith
 k - an amulet of guardian spirit
Talismans
 c - a beast talisman
 d - a flux talisman
Scrolls
 e - 3 scrolls of fog
 f - a scroll of blinking {@r4}
Potions
 h - a potion of heal wounds {unknown}
 j - 2 potions of degeneration {unknown}
 l - 2 potions of lignification
 m - 2 potions of enlightenment {unknown}
 o - a potion of berserk rage {unknown}
 q - 4 potions of curing {@q1}


   Skills:
 + Level 3.8 Fighting
 + Level 3.1 Dodging
 + Level 3.7 Unarmed Combat
 * Level 3.9 Shapeshifting


You had 4 spell levels left.
You didn't know any spells.
Your spell library contained the following spells:

 Spells                   Type           Power      Damage    Failure   Level
 Magic Dart               Conj           0%         1d3       34%         1
 Necrotise                Necr           0%         1d4       34%         1
 Blink                    Tloc           0%         N/A       47%         2
 Call Imp                 Summ           0%         N/A       47%         2
 Vampiric Draining        Necr           0%         2d6       71%         3
 Agony                    Necr           0%         N/A       100%        5


Dungeon Overview and Level Annotations

Branches:
Dungeon (4/15)
 Temple: D:4-7

Altars:
Elyvilon

Shops:
D:3 :


Innate Abilities, Weirdness & Mutations

You are a hulking beast.
Your limbs bulge with bestial killing power. (Slay +2)
You are too large for most types of armour.
You have a pair of small horns on your head.
You have tough skin. (AC +1)
You gain doubled healing and magic from potions.
Whenever you drink a healing potion, you attack all around you.


Message History

The gnoll is no longer moving quickly.
The gnoll attacks as it pursues you!
The gnoll hits you from afar with a +0 spear.
* * * LOW HITPOINT WARNING * * *
The gnoll hits you from afar with a +0 spear.
* * * LOW HITPOINT WARNING * * *
You take 7 damage, and have 1/54 hp.
The gnoll attacks as it pursues you! The gnoll barely misses you.
It was a potion of curing.
You savour every drop.
You feel better.
q - 4 potions of curing The gnoll closely misses you.
You regained 19 hp, and now have 20/54 hp.
The gnoll barely misses you. x2
You hit the gnoll.
The gnoll is poisoned.
You headbutt the gnoll.
The gnoll is severely wounded.
The gnoll closely misses you.
The gnoll hits you from afar with a +0 spear.
* * * LOW HITPOINT WARNING * * *
The gnoll hits you from afar with a +0 spear.
* * * LOW HITPOINT WARNING * * *
You take 5 damage, and have 15/54 hp.
You hit the gnoll but do no damage.
The gnoll looks as sick as possible!
The gnoll is severely wounded.
The gnoll hits you with a +0 spear.
* * * LOW HITPOINT WARNING * * *
The gnoll bouda barks out a call to the hunt!
The gnolls pick up the pace!
The gnoll hits you from afar with a +0 spear.
* * * LOW HITPOINT WARNING * * *
The gnoll barely misses you.
You take 6 damage, and have 9/54 hp.
You hit the gnoll.
You kill the gnoll!
The gnoll hits you from afar with a +0 spear!
* * * LOW HITPOINT WARNING * * *
The gnoll misses you.
You take 7 damage, and have 2/54 hp.
You hit the gnoll bouda but do no damage.
The gnoll bouda is heavily wounded.
The gnoll bouda hits you with a +0 club.
You die...

##....# #.... #....
.###.....# .... ##...
.........###..#..# ##...
...#....).#..# ..# #....
###†......# ..# #....
###....###..# #.......
##.gg# #..#####.......
###...###..............
#....gh................
......####................
.##... ##...............
##.. ##........# ... #..
#.......## ##.. ##.
##.......# ##..#
#.......## ##....
...........####.....
..##..........#..#...


You could see a gnoll bouda and 2 gnolls.

Vanquished Creatures
  An orc wizard (D:3)
  6 adders
  6 gnolls
  2 worms (D:3)
  9 orcs
  4 bats
  2 endoplasms
  A giant cockroach (D:1)
  6 hobgoblins
  7 jackals (D:1)
  4 quokkas
  10 ball pythons
  6 frilled lizards
  6 kobolds
  4 rats
74 creatures vanquished.

Notes
Turn   | Place    | Note
-------+----------+-------------------------------------------
     0 | D:1      | Ofeo the Oni Shapeshifter began the quest for the Orb.
     0 | D:1      | Reached XP level 1. HP: 19/19 MP: 1/1
    82 | D:1      | Reached XP level 2. HP: 28/28 MP: 2/2
   648 | D:1      | Reached XP level 3. HP: 32/35 MP: 3/3
  1111 | D:2      | Found a white marble altar of Elyvilon.
  1803 | D:3      | Reached XP level 4. HP: 34/44 MP: 4/4
  2102 | D:3      | Reached XP level 5. HP: 40/53 MP: 5/5
  2341 | D:3      | Found Basisye's Book Shoppe.
  3285 | D:4      | HP: 1/54 [gnoll/+0 spear[a gnoll bouda] (4)]
  3291 | D:4      | HP: 2/54 [gnoll/+0 spear[a gnoll bouda] (7)]
  3292 | D:4      | Slain by a gnoll bouda

Illustrated notes

Levels and vault maps discovered:
D:1:      minmay_arrival_checkered_box, layout_loops_ring, serial_bayou_pond_a
D:2:      layout_basic, basic_altar
D:3:      layout_rooms, serial_shops, nicolae_book_shop_shelving
D:4:      layout_layer_cave, gammafunk_temple_overflow_claw

Skill      XL: |  1  2  3  4  5 |
---------------+----------------+-----
Dodging        | 2 3 |  3.1
Fighting       | 2 3 |  3.8
Unarmed Combat | 3 |  3.7
Shapeshifting  | |  3.9

Action                     |  1- 3 |  4- 6 || total
---------------------------+-------+-------++-------
  Melee: Unarmed           |    44 |       ||    44
         Headbutt          |    11 |    16 ||    27
         Short sword       |    65 |    86 ||   151
         Punch             |       |     1 ||     1
    Use: Scroll            |     3 |     3 ||     6
         Potion            |       |     1 ||     1
   Stab: Sleeping          |     1 |       ||     1
 Armour: Animal skin       |    64 |    85 ||   149
  Dodge: Dodged            |    55 |    52 ||   107

Table legend: (Time is in decaauts)
 A = Elapsed time spent in this place.
 B = Non-inter-level travel time spent in this place.
 C = Inter-level travel time spent in this place.
 D = Time resting spent in this place.
 E = Time spent auto-exploring this place.
 F = Levels seen in this place.
 G = Mean time per level.
                   A        B        C        D        E       F      G
               +--------+--------+--------+--------+--------+-----+--------+
         Total |   3289 |   3220 |     69 |    293 |   2476 |   4 |  822.2 |
       Dungeon |   3289 |   3220 |     69 |    293 |   2476 |   4 |  822.2 |
               +--------+--------+--------+--------+--------+-----+--------+

Top non-repeatable levels by time:
     D:3: 988 daAuts
     D:1: 977 daAuts
     D:2: 959 daAuts
     D:4: 364 daAuts
